 Dungeon Crawl Stone Soup version 0.24-a0-243-g8f5f5cd (webtiles) character file.

Game seed: 15205246519896227575

8 Hylith the Skirmisher (level 2, 21/24 HPs)
             Began as a Demonspawn Fighter on Apr 9, 2019.
             Quit the game on level 1 of the Dungeon.
             The game lasted 00:00:39 (110 turns).

Hylith the Skirmisher (Demonspawn Fighter)           Turns: 110, Time: 00:00:40

Health: 21/24      AC:  6    Str: 16    XL:     2   Next: 0%
Magic:  2/2        EV:  6    Int:  9    God:
Gold:   13         SH:  8    Dex: 12    Spells: 1/1 levels left

rFire    . . .     SeeInvis .   a - +0 flail
rCold    . . .     Gourm    .   c - +0 shield
rNeg     . . .     Faith    .   b - +0 scale mail
rPois    .         Spirit   .   (no helmet)
rElec    .         Reflect  .   (no cloak)
rCorr    .         Harm     .   (no gloves)
MR       .....                  (no boots)
Stlth    ..........             (no amulet)
HPRegen  0.08/turn              (no ring)
MPRegen  0.08/turn              (no ring)

@: no status effects
A: talons 1
a: no special abilities


You were on level 1 of the Dungeon.
You were not hungry.

You visited 1 branch of the dungeon, and saw 1 of its levels.

You collected 13 gold pieces.

Inventory:

Hand Weapons
 a - a +0 flail (weapon)
 h - a +0 whip of draining
Armour
 b - a +0 scale mail (worn)
 c - a +0 shield (worn)
Potions
 d - a potion of might
 e - a potion of cancellation {unknown}
Comestibles
 f - 2 rations
 g - 2 chunks of flesh


   Skills:
 + Level 3.1 Fighting
 * Level 2.0 Maces & Flails
 + Level 2.8 Armour
 * Level 2.9 Shields


You had one spell level left.
You didn't know any spells.
Your spell library was empty.

Dungeon Overview and Level Annotations

Branches:
Dungeon (1/15)

Altars:


Innate Abilities, Weirdness & Mutations

You have sharp toenails.


Message History

You kill the goblin!
You completely miss the kobold. The kobold hits you but does no damage.
You block the kobold's attack. The kobold barely misses you.
You miss the kobold. The kobold hits you but does no damage.
You block the kobold's attack.
You hit the kobold but do no damage. The kobold hits you but does no damage.
You block the kobold's attack.
You barely miss the kobold. The kobold hits you but does no damage.
The kobold barely misses you. You block the kobold's attack. x2
You hit the kobold.
You kill the kobold!
Your Maces & Flails skill increases to level 2!
The kobold hits you with a +0 club.
You sock the kobold!
You kill the kobold!
You have reached level 2!
You feel monstrous as your demonic heritage exerts itself.
Your demonic ancestry asserts itself...
Your toenails lengthen and sharpen.
Are you sure you want to abandon this character and quit the game? (Confirm with "yes".)

####### #....♣♣.....
......# #....)......
#####.# #........≈≈≈
#...#.########.......≈≈#
#.#......(...(.......≈##
#........##.###♣([...≈#
######...##.## ♣♣(...≈#
######...##....♣(....≈##
#...##...####.#.@....≈≈#
#.<.''.>.# #...)....≈≈≈
#...##...# #...........
######...# #.#..♣♣.....
##+## .###.. .[... .#
#........ .# .#. .. ..
....


There were no monsters in sight!

Vanquished Creatures
  A bat (D:1)
  A giant cockroach (D:1)
  A goblin (D:1)
  A hobgoblin (D:1)
  3 kobolds (D:1)
7 creatures vanquished.

Notes
Turn   | Place    | Note
-------+----------+-------------------------------------------
     0 | D:1      | Hylith the Demonspawn Fighter began the quest for the Orb.
     0 | D:1      | Reached XP level 1. HP: 18/18 MP: 1/1
   109 | D:1      | Gained mutation: You have sharp toenails. [demonic
                  | ancestry]
   109 | D:1      | Reached XP level 2. HP: 21/24 MP: 2/2
   110 | D:1      | Quit the game

Levels and vault maps discovered:
D:1:      dpeg_arrival_simpleton_b, layout_loops_ring,
          kennysheep_decorative_pillar

Skill      XL: |  1 |
---------------+----+-----
Maces & Flails | 2 |  2.0
Fighting       | |  3.1
Armour         | |  2.8
Shields        | |  2.9

Action                   || total
-------------------------++-------
Melee: Flail             ||    14
Armor: Scale mail        ||     6
Dodge: Dodged            ||     5
Block: Shield            ||    12

Table legend:
 A = Non-vault XP
 B = Vault XP
 C = Vault XP percentage of total XP
 D = Non-vault monster count
 E = Vault monster count
 F = Vault count percentage of total count
                 A         B        C        D         E       F
            +---------+---------+-------+---------+---------+-------
      Total |      12 |       0 |   0.0 |       7 |       0 |   0.0
            +---------+---------+-------+---------+---------+-------
        D:1 |      12 |       0 |   0.0 |       7 |       0 |   0.0
            +---------+---------+-------+---------+---------+-------
